Map: Backwater LE

Players

axu

  • Race: Protoss Protoss
  • League: Platinum
  • Spawn Location: 11:00

Tobi - Winner!

  • Race: Protoss Protoss
  • League: Diamond
  • Spawn Location: 5:00

VOD

Have the link to the VOD?

Description

Time

  • Played on: May 11, 2018, 3:11 a.m.
  • Length: 15:11
Show
View Real Time Build Order
Export as new Build Order

axu Protoss 

Build Orders:  

Get SALT Encoding   

  12  0:01  Probe  
  13  0:13  Probe  
  14  0:19  Pylon  
  14  0:30  Probe  
  15  0:43  Gateway  
  15  0:44  Probe  
  15  0:48  Assimilator  
  16  0:57  Probe  
  17  0:58  Assimilator  
  17  1:09  Probe  
  18  1:12  Gateway  
  18  1:21  Probe  
  19  1:29  Probe  
  19  1:32  Cybernetics Core  
  19  1:37  Probe  
  21  1:47  Pylon  
  21  2:00  Probe  
  22  2:08  Adept  
  22  2:09  Adept  
  22  2:10  Warp Gate  
  22  2:12  Probe  
  27  2:32  Pylon  
  27  2:36  Probe  
  27  2:41  Stalker x2  
  31  2:50  Probe  
  32  3:02  Probe  
  33  3:14  Probe  
  34  3:27  Probe  
  31  3:42  Stalker x2  
  31  3:46  Nexus  
  35  3:49  Robotics Facility  
  35  4:01  Probe  
  35  4:04  Pylon  
  36  4:15  Pylon  
  36  4:20  Probe  
  37  4:26  Gateway x2  
  37  4:38  Nexus  
  37  4:45  Probe  
  38  4:58  Probe  
  39  5:03  Immortal  
  39  5:04  Probe  
  39  5:06  Probe  
  43  5:12  Probe  
  45  5:20  Probe, Forge  
  46  5:23  Forge  
  46  5:24  Probe  
  48  5:32  Probe  
  47  5:43  Observer  
  46  5:53  Protoss Ground Weapons Level 1  
  46  5:54  Protoss Ground Armor Level 1  
  46  6:00  Shield Battery  
  46  6:03  Pylon  
  46  6:08  Pylon  
  46  6:10  Assimilator, Probe x2  
  48  6:12  Probe  
  48  6:14  Assimilator  
  49  6:22  Probe x2  
  51  6:33  Twilight Council, Probe x2  
  51  6:37  Probe  
  51  6:39  Shield Battery  
  53  6:41  Probe x2  
  53  6:45  Probe  
  56  6:47  Stalker  
  56  6:49  Probe  
  56  6:50  Probe  
  61  6:55  Probe  
  61  6:59  Probe  
  61  7:01  Probe  
  62  7:07  Observer  
  65  7:10  Blink  
  65  7:15  Templar Archives  
  65  7:16  Probe x3  
  68  7:23  Robotics Facility  
  68  7:28  Probe x3  
  71  7:40  Probe  
  72  7:47  Stalker  
  72  7:48  Stalker x3  
  80  7:58  Assimilator, Probe x3  
  83  8:03  Assimilator  
  83  8:10  Probe x2  
  85  8:20  Stalker x3  
  85  8:22  Stalker  
  89  8:39  Immortal  
  93  8:48  Protoss Ground Weapons Level 2  
  93  8:49  Protoss Ground Armor Level 2  
  93  9:02  Pylon  
  93  9:04  Pylon x2  
  93  9:05  Pylon  
  93  9:08  Pylon  
  93  9:11  Psionic Storm, Pylon  
  93  9:13  Pylon  
  93  9:20  Immortal  
  97  9:26  Stargate  
  97  9:31  Nexus  
  97  9:35  Stalker x3  
  97  9:36  Sentry  
  105  9:43  Pylon  
  105  9:45  Pylon  
  105  9:48  Pylon  
  105  10:00  Gateway  
  105  10:01  Gateway  
  105  10:03  Gateway  
  105  10:05  Gateway  
  105  10:07  Gateway  
  105  10:12  Stalker x2  
  105  10:13  Stalker  
  105  10:14  Stalker  
  111  10:34  Assimilator  
  111  10:38  Assimilator  
  111  10:40  Photon Cannon  
  111  10:43  Photon Cannon  
  111  10:46  Photon Cannon  
  111  10:48  Photon Cannon  
  111  10:52  Fleet Beacon  
  111  10:55  Gateway  
  111  10:57  Gateway x2  
  111  10:59  Warp Prism  
  111  11:03  Stalker x4  
  111  11:04  Stalker x3  
  127  11:26  Probe x3  
  129  11:47  High Templar x2  
  129  11:48  High Templar x6  
  129  11:49  High Templar  
  129  11:51  Archon  
  129  11:52  Archon x3  
  147  12:04  Graviton Catapult  
  147  12:23  Observer x2  
  149  12:34  High Templar x2  
  149  12:35  High Templar  
  155  12:42  Archon  
  155  12:43  Archon, Photon Cannon  
  155  12:45  Photon Cannon  
  155  12:46  Photon Cannon  
  155  13:07  Stalker x4  
  155  13:08  Stalker x3  
  155  13:09  Stalker x4  
  68  13:57  Zealot x4  
  68  13:58  Zealot x4  
  68  13:59  Zealot x2  
  66  14:35  Stargate  
  66  14:39  Stargate  
  66  14:41  Stargate  
  66  14:50  Probe  
  66  14:51  Probe x2  
Show
View Real Time Build Order
Export as new Build Order

Tobi Protoss - Winner!

Build Orders: 1 Gate Expand 

Get SALT Encoding   

  12  0:01  Probe  
  13  0:09  Probe  
  14  0:17  Probe  
  14  0:24  Pylon  
  16  0:42  Probe  
  16  0:50  Gateway  
  16  0:52  Assimilator  
  16  0:55  Probe  
  17  1:07  Probe  
  18  1:19  Probe  
  18  1:24  Forge  
  19  1:31  Probe  
  20  1:43  Probe  
  20  1:44  Nexus  
  21  1:52  Pylon  
  21  2:07  Cybernetics Core  
  21  2:17  Photon Cannon  
  21  2:27  Photon Cannon  
  21  2:29  Pylon  
  21  2:41  Photon Cannon  
  21  2:44  Assimilator  
  21  2:47  Probe  
  22  2:55  Probe x2  
  24  3:00  Stalker  
  24  3:03  Probe  
  25  3:34  Protoss Air Weapons Level 1  
  25  3:36  Probe  
  25  3:40  Probe  
  27  3:44  Probe  
  27  3:47  Stargate  
  27  3:52  Shield Battery, Probe  
  27  3:54  Probe  
  29  4:02  Probe  
  30  4:05  Probe  
  32  4:10  Probe  
  32  4:13  Probe  
  34  4:18  Probe  
  34  4:21  Probe  
  35  4:28  Assimilator  
  35  4:30  Probe  
  36  4:32  Assimilator, Probe  
  36  4:33  Oracle  
  40  4:40  Photon Cannon  
  40  4:42  Probe  
  40  4:44  Probe  
  42  4:46  Photon Cannon  
  42  4:51  Shield Battery  
  42  4:52  Protoss Shields Level 1  
  42  4:53  Probe  
  42  4:55  Probe  
  44  5:06  Sentry  
  46  5:08  Probe  
  47  5:20  Nexus  
  47  5:29  Void Ray  
  47  5:30  Probe  
  47  5:32  Probe  
  53  5:54  Warp Gate  
  53  6:02  Probe  
  54  6:16  Pylon  
  54  6:20  Pylon  
  54  6:27  Pylon  
  54  6:31  Void Ray  
  54  6:32  Probe x2  
  60  6:34  Stargate  
  60  6:38  Stargate  
  60  6:43  Shield Battery  
  60  6:44  Probe x2  
  60  6:45  Shield Battery  
  62  6:48  Pylon  
  62  6:54  Probe  
  62  6:58  Probe x2  
  62  6:59  Protoss Ground Weapons Level 1  
  62  7:00  Pylon  
  65  7:02  Probe  
  65  7:05  Pylon  
  65  7:06  Pylon  
  65  7:07  Pylon  
  66  7:10  Probe x2  
  66  7:12  Probe  
  66  7:14  Void Ray  
  73  7:22  Probe  
  74  7:24  Probe  
  74  7:27  Probe  
  76  7:30  Assimilator, Twilight Council, Photon Cannon  
  76  7:33  Photon Cannon  
  76  7:34  Probe, Photon Cannon  
  76  7:35  Assimilator  
  77  7:39  Probe  
  77  7:40  Void Ray  
  77  7:43  Oracle  
  85  7:48  Probe x2  
  87  7:51  Probe  
  88  8:05  Void Ray  
  92  8:20  Void Ray  
  92  8:23  Void Ray  
  100  8:42  Resonating Glaives  
  100  8:48  Void Ray  
  100  8:49  Nexus  
  100  8:51  Pylon  
  100  8:54  Pylon  
  104  8:56  Pylon  
  104  8:57  Dark Shrine  
  104  8:58  Pylon  
  104  8:59  Fleet Beacon  
  104  9:00  Pylon  
  104  9:02  Robotics Facility, Assimilator  
  104  9:07  Assimilator  
  104  9:27  Probe  
  104  9:28  Probe x2  
  107  9:32  Photon Cannon  
  107  9:35  Photon Cannon  
  107  9:37  Photon Cannon  
  107  9:38  Tempest  
  107  9:39  Probe  
  107  9:40  Probe x2, Photon Cannon  
  107  9:41  Photon Cannon  
  107  9:42  Photon Cannon  
  107  9:43  Shield Battery  
  110  9:46  Shield Battery  
  110  9:48  Probe  
  110  9:52  Probe  
  118  9:57  Tempest  
  124  10:03  Observer  
  125  10:24  Probe x2  
  125  10:25  Probe x2  
  126  10:36  Mothership, Probe  
  126  10:37  Probe x2  
  126  10:39  Tempest  
  130  10:45  Protoss Shields Level 2  
  130  10:46  Protoss Air Weapons Level 2  
  130  10:49  Tempest, Probe  
  150  10:50  Carrier  
  156  11:08  Gateway  
  156  11:10  Gateway  
  156  11:14  Pylon  
  156  11:17  Pylon  
  156  11:21  Pylon  
  156  11:29  Gateway  
  156  11:30  Gateway  
  156  11:32  Gateway  
  156  11:35  Gateway  
  156  11:37  Gateway  
  156  11:40  Gateway  
  156  11:59  Dark Templar  
  155  12:09  Dark Templar x2  
  159  12:33  Gateway  
  159  12:36  Dark Templar x2  
  159  12:37  Dark Templar x4  
  165  12:39  Archon, Void Ray x2  
  165  12:40  Archon  
  165  12:41  Archon x2, Void Ray  
  165  12:42  Dark Templar  
  165  12:43  Dark Templar x2  
  177  12:46  Archon  
  177  12:47  Archon, Graviton Catapult  
  177  12:48  Warp Prism  
  185  12:54  Protoss Air Armor Level 1  
  189  12:59  Charge  
  183  13:41  Zealot x5  
  187  13:42  Zealot x3  
  191  13:52  Zealot  
  193  14:05  Dark Templar  
  193  14:09  Pylon  
  195  14:11  Pylon  
  187  14:27  Probe  
  188  14:45  Pylon  
  188  14:47  Nexus, Pylon  
  188  14:49  Pylon  
  188  14:50  Zealot x6  
  188  14:52  Pylon  
  200  14:57  Pylon  
Tags
 
Add a new tag
Caveats
  • Supply blocks, unpowered buildings, or Contaminate may cause inaccurate times.
  • Supply counts are checked every 10 seconds.